 Dungeon Crawl Stone Soup version 0.25.1-11-g244df3a29b (webtiles) character file.

Game seed: 10396733979565452906

658 DeepDeath the Spear-Bearer (level 7, -4/50 HPs)
             Began as a Formicid Gladiator on Dec 31, 2023.
             Was a Follower of Okawaru.
             Slain by a centaur (8 damage)
             ... on level 5 of the Dungeon.
             The game lasted 00:13:41 (4536 turns).

DeepDeath the Spear-Bearer (Formicid Gladiator)     Turns: 4536, Time: 00:13:42

Health: -4/50      AC:  5    Str: 20    XL:     7   Next: 85%
Magic:  7/7        EV: 12    Int:  8    God:    Okawaru [*.....]
Gold:   185        SH:  0    Dex: 12    Spells: 6/6 levels left

rFire    . . .     SeeInvis +   a - +1 trident
rCold    . . .     Gourm    .   (no shield)
rNeg     . . .     Faith    .   p - +0 ring mail
rPois    .         Spirit   .   (helmet unavailable)
rElec    .         Reflect  .   (no cloak)
rCorr    .         Harm     .   (no gloves)
MR       .....                  (no boots)
Stlth    +.........             (no amulet)
HPRegen  0.16/turn              (no ring)
MPRegen  0.10/turn              (no ring)

@: flying
A: permanent stasis, dig shafts and tunnels, four strong arms, antennae 3
a: Dig, Shaft Self, Heroism, Renounce Religion


You were on level 5 of the Dungeon.
You worshipped Okawaru.
Okawaru was aware of your devotion.
You were hungry.

You visited 1 branch of the dungeon, and saw 6 of its levels.
You also visited: Sewer.

You collected 185 gold pieces.

Inventory:

Hand Weapons
 a - a +1 trident (weapon)
 q - a +0 hunting sling
Missiles
 c - 30 arrows
 e - 25 stones
 f - 29 poisoned darts (quivered)
 l - 3 atropa-tipped darts
Armour
 b - a +0 scale mail
 p - a +0 ring mail (worn)
Scrolls
 g - a scroll of amnesia
 h - 2 scrolls of immolation
 j - 2 scrolls of remove curse
Potions
 o - a potion of magic
Comestibles
 d - 13 rations
 k - a chunk of flesh


   Skills:
 + Level 2.3 Fighting
 * Level 8.0 Polearms
 - Level 2.0 Throwing
 + Level 2.1 Armour
 + Level 2.7 Dodging
 - Level 1.0 Stealth
 + Level 1.1 Invocations


You had 6 spell levels left.
You didn't know any spells.
Your spell library contained the following spells:

 Spells                   Type           Power        Failure   Level  Hunger
 Animate Skeleton         Necr           N/A          58%         1    ##.....
 Pain                     Necr           #...         58%         1    ##.....
 Vampiric Draining        Necr           #.........   91%         3    ####...
 Animate Dead             Necr           N/A          100%        4    #####..
 Agony                    Necr           #.......     100%        5    ######.


Dungeon Overview and Level Annotations

Branches:
Dungeon (6/15)              Sewer (visited)
 Temple: D:4-7

Altars:
Okawaru
Qazlal
Zin

Annotations:
D:2 1 runed translucent door, Crazy Yiuf, Natasha


Innate Abilities, Weirdness & Mutations

You cannot be hasted, slowed, berserked, paralysed or teleported.
You can dig through walls and to a lower floor.
Your four strong arms can wield two-handed weapons with a shield.
You have a pair of large antennae on your head. (SInv)


Message History

You dig through the rock wall.
The centaur shoots an arrow.
The arrow misses you.
You see here an arrow.
You dig through the rock wall.
You dig through the rock wall.
You dig through the rock wall.
You dig through the rock wall.
Unknown command.
Unknown command.
Unknown command.
Okay, then.
Unknown command.
Unknown command.
Okay, then.
Unknown command.
Are you sure you want to shaft yourself?
You are feeling hungry.
You begin to dig a shaft.
You continue digging a shaft.
The centaur unwields a +0 shortbow.
The centaur hits you!
You die...

##...{...##......#.......#..'
#.........#.............รท...#
##...##...#..##)###.....>.#..
##.c((........## #....).##..
###(#.#.....## #..........
#(#.####### ##...#......
##.###### #....##.....
##.#.#c## ##...#####..
##(#.#@# #.### ##. ####### ###
#


You could see a centaur.

Vanquished Creatures
  A sky beast (D:5)
  Purgy (Sewer)
  An ogre (D:5)
  A big kobold (Sewer)
  2 scorpions
  An orc wizard (D:5)
  Natasha (twice) (D:2)
  3 gnolls (D:3)
  4 adders
  An ooze (D:3)
  An adder zombie (D:5)
  A worm (D:2)
  A dart slug (D:3)
  3 leopard geckos
  10 orcs
  A ball python (D:3)
  8 giant cockroaches (D:3)
  4 goblins
  3 hobgoblins
  3 jackals (D:3)
  7 kobolds
  A quokka (D:3)
  8 bats
  4 frilled lizards
  A quokka zombie (D:6)
  2 rats
75 creatures vanquished.

Vanquished Creatures (others)
  A bush (D:5)
1 creature vanquished.

Grand Total: 76 creatures vanquished

Notes
Turn   | Place    | Note
-------+----------+-------------------------------------------
     0 | D:1      | DeepDeath the Formicid Gladiator began the quest for the
                  | Orb.
     0 | D:1      | Reached XP level 1. HP: 16/16 MP: 1/1
   593 | D:1      | Reached XP level 2. HP: 6/22 MP: 2/2
   598 | D:1      | Reached skill level 1 in Stealth
  1106 | D:2      | Reached skill level 1 in Armour
  1106 | D:2      | Reached XP level 3. HP: 21/27 MP: 3/3
  1444 | D:2      | Noticed Natasha
  1458 | D:2      | Killed Natasha
  1458 | D:2      | Reached skill level 4 in Polearms
  1458 | D:2      | Reached XP level 4. HP: 16/33 MP: 4/4
  1670 | D:2      | Noticed Natasha
  1689 | D:2      | Killed Natasha
  2011 | D:2      | Found a runed translucent door.
  2012 | D:2      | Noticed Crazy Yiuf
  2043 | D:2      | Noticed Natasha
  2121 | D:3      | Reached XP level 5. HP: 37/38 MP: 5/5
  2174 | D:3      | Found a glowing drain.
  2199 | Sewer    | Entered a sewer
  2284 | Sewer    | Noticed a big kobold
  2297 | Sewer    | Killed a big kobold
  2297 | Sewer    | Reached skill level 5 in Polearms
  2444 | Sewer    | Noticed Purgy
  2453 | Sewer    | Killed Purgy
  2453 | Sewer    | Reached skill level 6 in Polearms
  2453 | Sewer    | Reached XP level 6. HP: 31/44 MP: 6/6
  3051 | D:3      | Found an iron altar of Okawaru.
  3100 | D:3      | Became a worshipper of Warmaster Okawaru
  3529 | D:3      | Found a glowing silver altar of Zin.
  3903 | D:4      | Reached XP level 7. HP: 50/50 MP: 7/7
  3933 | D:4      | Reached skill level 1 in Invocations
  3943 | D:4      | HP: 2/50 [orc priest/+0 flail (2)]
  3945 | D:4      | You fall into a shaft and drop 2 floors!
  4137 | D:6      | Reached skill level 7 in Polearms
  4326 | D:5      | Entered Level 5 of the Dungeon
  4374 | D:5      | Found a stormy altar of Qazlal.
  4490 | D:5      | Reached * piety under Okawaru
  4490 | D:5      | Reached skill level 8 in Polearms
  4525 | D:5      | HP: 2/50 [centaur/arrow (9)]
  4536 | D:5      | Slain by a centaur

Illustrated notes

Levels and vault maps discovered:
D:1:      mrwooster_arrival_statue_2, layout_loops_ring,
          grunt_decor_mini_mirrors, minmay_misc_feat_ornament,
          roderic_roman_lattice, minmay_domino_4
D:2:      layout_basic, first_ration, kennysheep_generic_room_3, uniq_natasha,
          uniq_crazy_yiuf_cottage
D:3:      layout_loops_corners, overflow_temple_1_default, gup_sewer_entry_pipe,
          okawaru_altar_gauntlet_db
D:4:      layout_loops_ring, corexii_leaking_fountain
D:5:      layout_cave_pools, kennysheep_mini, gammafunk_temple_overflow_claw,
          kb_lookout_dungeons_type
D:6:      layout_basic, minmay_temple_entry_gardened_gates, grunt_ministairs_3,
          nemelex_spade_bored_becter, uniq_sigmund, uniq_menkaure,
          uniq_eustachio

Skill      XL: |  1  2  3  4  5  6  7 |
---------------+----------------------+-----
Stealth        | 1 |  1.0
Armour         | 1 2 |  2.1
Polearms       | 4 6 8 |  8.0
Invocations    | 1 |  1.1
Fighting       | |  2.3
Throwing       | |  2.0
Dodging        | |  2.7

Action                   |  1- 3 |  4- 6 |  7- 9 || total
-------------------------+-------+-------+-------++-------
Melee: Trident           |    67 |   167 |    53 ||   287
Throw: Throwing net      |       |     6 |       ||     6
       Dart              |       |     3 |    13 ||    16
       Stone             |       |       |     4 ||     4
 Abil: Dig               |       |     3 |     3 ||     6
       Shaft Self        |       |       |     2 ||     2
  Use: Potion            |     4 |       |     1 ||     5
       Scroll            |     3 |     7 |       ||    10
 Stab: Sleeping          |     2 |     3 |       ||     5
       Held in net/web   |       |     2 |       ||     2
       Distracted        |       |     1 |       ||     1
  Eat: Chunk             |     1 |     5 |       ||     6
       Ration            |       |     1 |     1 ||     2
Armor: Leather armour    |    13 |    30 |       ||    43
       Skin              |     3 |       |       ||     3
       Ring mail         |       |       |    19 ||    19
Dodge: Dodged            |    40 |    85 |    29 ||   154
